Map: Tokamak LE

Players

ShoWTimE

  • Race: Protoss Protoss
  • League: Grandmaster
  • Spawn Location: 1:00

Zoun - Winner!

  • Race: Protoss Protoss
  • League: Master
  • Spawn Location: 7:00

Event: HomeStory Cup XXVII

VOD

Have the link to the VOD?

Description

Time

  • Played on: June 29, 2025, 4:35 p.m.
  • Length: 17:58

All games in this series

Show
View Real Time Build Order
Export as new Build Order

ShoWTimE Protoss 

Build Orders: Oracle Opening, Blink Stalkers 

Get SALT Encoding   

  12  0:00  Probe  
  13  0:12  Probe  
  14  0:17  Pylon  
  14  0:23  Probe  
  15  0:31  Probe  
  15  0:36  Gateway  
  15  0:39  Probe  
  16  0:45  Assimilator  
  17  0:50  Probe  
  18  0:59  Probe  
  19  1:04  Assimilator  
  19  1:07  Probe  
  19  1:09  Gateway  
  20  1:17  Probe  
  21  1:27  Cybernetics Core  
  21  1:29  Probe  
  22  1:35  Pylon  
  22  1:41  Probe  
  23  1:53  Probe  
  24  2:03  Adept x2  
  24  2:04  Warp Gate  
  24  2:05  Probe  
  29  2:10  Pylon  
  29  2:21  Stargate  
  29  2:26  Pylon  
  29  2:47  Nexus  
  29  2:51  Probe  
  30  2:55  Oracle  
  30  2:58  Stalker  
  32  3:08  Probe  
  36  3:15  Pylon  
  36  3:20  Probe  
  37  3:27  Shield Battery  
  37  3:32  Probe  
  38  3:37  Twilight Council  
  38  3:44  Probe, Blink  
  39  3:52  Stalker  
  41  3:55  Stalker  
  41  3:56  Probe  
  41  3:59  Probe  
  45  4:08  Probe  
  46  4:11  Probe  
  47  4:20  Probe  
  47  4:24  Probe  
  49  4:25  Gateway  
  49  4:33  Probe  
  49  4:35  Stalker x2  
  49  4:36  Probe  
  55  4:45  Probe  
  56  4:48  Probe  
  56  4:52  Pylon  
  57  5:01  Stalker x2  
  57  5:02  Pylon  
  59  5:15  Nexus  
  57  5:22  Gateway  
  57  5:24  Probe x2  
  57  5:26  Assimilator  
  57  5:27  Shield Battery  
  59  5:33  Stalker x2  
  63  5:35  Stalker  
  63  5:36  Probe  
  63  5:38  Probe  
  67  5:47  Forge  
  67  5:48  Probe  
  68  5:50  Probe  
  68  5:53  Pylon  
  67  5:58  Stalker x2  
  67  6:00  Probe  
  72  6:08  Stalker  
  72  6:10  Shield Battery  
  72  6:13  Shield Battery  
  72  6:17  Stalker  
  72  6:21  Pylon  
  72  6:26  Protoss Ground Weapons Level 1  
  72  6:28  Shield Battery  
  72  6:31  Stalker x2  
  75  6:33  Shield Battery  
  75  6:35  Pylon  
  75  6:37  Stalker  
  77  6:49  Assimilator  
  77  6:52  Pylon  
  77  6:55  Stalker x2  
  77  6:56  Stalker  
  77  6:57  Shield Battery  
  83  7:02  Shield Battery  
  83  7:06  Stalker  
  83  7:13  Probe  
  83  7:15  Pylon  
  84  7:20  Stalker x3  
  82  7:30  Stalker  
  82  7:31  Probe x2  
  82  7:35  Gateway  
  86  7:43  Probe  
  87  7:44  Stalker x3  
  93  7:53  Stalker  
  95  8:04  Probe x2  
  96  8:07  Stalker x3, Protoss Ground Weapons Level 2  
  102  8:15  Pylon  
  102  8:18  Nexus  
  102  8:26  Pylon  
  102  8:34  Pylon  
  102  8:35  Stalker x4  
  102  8:41  Pylon  
  110  8:48  Gateway  
  110  8:57  Stalker  
  110  8:59  Stalker  
  110  9:01  Stalker  
  116  9:07  Pylon  
  116  9:15  Stalker x2  
  120  9:18  Probe  
  120  9:19  Probe  
  123  9:33  Stalker x2  
  126  9:40  Stalker x2  
  126  9:43  Stalker  
  126  9:45  Stalker  
  124  10:01  Stalker x2  
  124  10:03  Probe  
  124  10:04  Stalker  
  124  10:05  Stalker  
  124  10:06  Protoss Ground Weapons Level 3  
  124  10:07  Stalker  
  135  10:09  Stalker  
  137  10:16  Dark Shrine  
  137  10:25  Stalker x2  
  141  10:36  Stalker x4  
  141  10:38  Gateway  
  141  10:40  Probe  
  141  10:41  Assimilator  
  150  10:49  Probe x2  
  152  10:51  Assimilator  
  152  10:52  Pylon, Probe  
  153  11:01  Pylon, Stalker x2  
  157  11:14  Stalker x3  
  163  11:22  Pylon  
  163  11:23  Pylon  
  163  11:27  Nexus  
  159  11:47  Stalker x5  
  159  11:52  Stalker  
  161  12:04  Stalker  
  163  12:10  Gateway  
  163  12:13  Stalker x3  
  163  12:14  Stalker  
  159  12:25  Charge  
  159  12:28  Stalker x3  
  159  12:31  Probe  
  159  12:32  Probe x2  
  162  12:40  Shadow Stride  
  162  12:43  Gateway, Probe  
  159  12:56  Dark Templar x3  
  165  12:59  Zealot x2  
  165  13:01  Probe x2  
  171  13:10  Robotics Facility  
  171  13:12  Photon Cannon  
  171  13:17  Zealot x2  
  174  13:23  Probe  
  174  13:33  Dark Templar x3  
  174  13:44  Stalker x4  
  178  14:20  Pylon  
  162  14:26  Nexus  
  162  14:27  Pylon  
  157  14:37  Pylon  
  157  14:41  Photon Cannon  
  157  14:42  Photon Cannon  
  157  14:43  Photon Cannon  
  157  14:44  Photon Cannon  
  148  14:46  Shield Battery  
  148  14:47  Shield Battery  
  148  14:50  Shield Battery  
  148  14:51  Shield Battery  
  132  14:54  Pylon  
  132  14:57  Pylon  
  128  15:51  Pylon  
  128  15:53  Pylon  
  87  16:35  Pylon  
  83  16:43  Pylon  
  65  16:53  Assimilator  
  11  17:26  Assimilator  
Show
View Real Time Build Order
Export as new Build Order

Zoun Protoss - Winner!

Build Orders: Phoenix Opening, Blink Stalkers 

Get SALT Encoding   

  12  0:00  Probe  
  13  0:12  Probe  
  14  0:16  Pylon  
  14  0:23  Probe  
  15  0:31  Probe  
  16  0:36  Gateway  
  16  0:39  Probe  
  16  0:45  Assimilator  
  17  0:50  Probe  
  17  0:56  Assimilator  
  18  0:59  Probe  
  19  1:07  Probe  
  19  1:08  Gateway  
  20  1:17  Probe  
  20  1:25  Cybernetics Core  
  21  1:29  Probe  
  22  1:35  Pylon  
  22  1:41  Probe  
  23  1:53  Probe  
  24  1:58  Stalker  
  24  2:00  Warp Gate  
  24  2:01  Sentry  
  24  2:05  Probe  
  29  2:10  Pylon  
  29  2:31  Phoenix, Sentry  
  31  2:38  Probe  
  31  2:40  Nexus  
  31  2:44  Sentry  
  32  2:49  Shield Battery  
  34  2:52  Probe  
  35  3:01  Shield Battery  
  35  3:04  Probe  
  36  3:09  Shield Battery  
  36  3:16  Probe  
  37  3:26  Twilight Council  
  37  3:28  Probe  
  37  3:31  Blink  
  38  3:36  Pylon  
  38  3:47  Probe  
  39  3:51  Stalker x2  
  39  3:52  Probe  
  44  4:00  Probe  
  45  4:08  Probe  
  46  4:14  Stalker  
  46  4:15  Stalker  
  46  4:16  Probe  
  51  4:21  Probe  
  52  4:28  Probe  
  53  4:33  Probe  
  54  4:39  Gateway  
  54  4:40  Probe  
  54  4:43  Stalker  
  54  4:45  Probe  
  58  4:49  Pylon x2  
  58  4:52  Probe, Stalker  
  61  5:03  Probe  
  62  5:09  Gateway  
  62  5:11  Gateway, Stalker  
  62  5:15  Stalker  
  62  5:19  Robotics Facility  
  64  5:26  Assimilator  
  64  5:28  Pylon  
  64  5:31  Probe x2  
  64  5:33  Stalker  
  64  5:35  Stalker  
  70  5:39  Pylon  
  70  5:43  Stalker  
  70  5:59  Stalker x2  
  72  6:09  Stalker x3  
  74  6:23  Stalker x2  
  78  6:33  Stalker x2  
  78  6:39  Probe  
  83  6:44  Probe  
  83  6:46  Stalker x2  
  84  6:49  Pylon  
  84  6:51  Stalker  
  84  6:52  Probe  
  87  7:04  Probe  
  87  7:08  Stalker x2  
  88  7:09  Nexus  
  88  7:11  Stalker  
  88  7:26  Stalker x2  
  88  7:27  Probe  
  85  7:32  Pylon  
  85  7:33  Stalker  
  85  7:34  Forge, Charge  
  87  7:37  Stalker  
  89  7:47  Gateway  
  89  7:48  Gateway  
  89  8:00  Shield Battery  
  89  8:02  Immortal, Pylon  
  89  8:03  Pylon  
  89  8:04  Shield Battery  
  89  8:05  Protoss Ground Weapons Level 1  
  93  8:14  Forge  
  93  8:21  Sentry  
  93  8:22  Probe x3  
  93  8:24  Photon Cannon  
  98  8:32  Stalker x2  
  102  8:43  Shield Battery  
  102  8:46  Observer  
  103  8:48  Phoenix  
  103  8:49  Zealot  
  103  8:50  Zealot  
  107  8:55  Pylon, Probe  
  107  8:57  Pylon, Probe, Assimilator  
  109  9:06  Gateway x2  
  109  9:10  Probe x2  
  109  9:15  Sentry  
  113  9:19  Photon Cannon  
  113  9:26  Zealot x4  
  113  9:29  Protoss Ground Weapons Level 2  
  113  9:30  Zealot  
  123  9:33  Immortal  
  123  9:37  Robotics Bay  
  123  9:43  Observer  
  127  9:50  Stalker x3  
  119  10:00  Zealot x4  
  119  10:02  Observer  
  127  10:14  Observer, Stalker x3  
  133  10:24  Nexus  
  133  10:26  Warp Prism  
  133  10:38  Stalker x3  
  141  10:51  Pylon  
  141  10:52  Pylon  
  141  10:57  Pylon  
  141  10:59  Disruptor  
  141  11:08  Shield Battery  
  141  11:09  Probe  
  141  11:11  Photon Cannon  
  146  11:12  Pylon, Sentry, Stalker  
  146  11:13  Stalker x2  
  146  11:14  Probe  
  155  11:18  Stalker  
  155  11:23  Probe x2  
  159  11:26  Probe  
  159  11:27  Pylon  
  159  11:32  Zealot x3  
  166  11:34  Protoss Ground Armor Level 1  
  164  11:45  Stalker  
  164  11:46  Stalker x2  
  160  11:55  Stalker x3  
  160  11:56  Immortal  
  158  12:12  Stalker x4  
  166  12:19  Stalker x2  
  160  12:27  Zealot x2  
  162  12:30  Probe  
  162  12:31  Probe x2  
  162  12:34  Photon Cannon  
  162  12:36  Stalker x2  
  169  12:43  Zealot x2  
  169  12:44  Zealot x2  
  175  12:54  Stalker x2  
  179  13:04  Stalker x2  
  183  13:06  Immortal, Probe x3  
  183  13:07  Assimilator  
  183  13:11  Zealot x3  
  196  13:22  Probe, Photon Cannon  
  196  13:25  Observer  
  195  13:27  Pylon  
  195  13:43  Nexus  
  195  14:01  Stalker x3  
  192  14:10  Observer  
  192  14:15  Stalker x4  
  148  15:05  Nexus  
  146  15:07  Pylon  
  146  15:09  Pylon  
  146  15:51  Observer x2  
  126  16:22  Observer x2  
  102  17:00  Pylon  
  102  17:02  Observer x2  
  102  17:04  Nexus  
  102  17:39  Assimilator  
  102  17:51  Assimilator  
Tags
 
Add a new tag
Caveats
  • Supply blocks, unpowered buildings, or Contaminate may cause inaccurate times.
  • Supply counts are checked every 10 seconds.